[Event "ICC tourney 2394 (75 10)"]
[Site "Internet Chess Club"]
[Date "2021.02.20"]
[Round "3"]
[White "VN10"]
[Black "pkcl"]
[Result "0-1"]
[ICCResult "White checkmated"]
[WhiteElo "1046"]
[BlackElo "1284"]
[Opening "Scotch game"]
[ECO "C45"]
[NIC "SO.05"]
[Time "18:01:20"]
[PlyCount "140"]
[TimeControl "4500+10"]

1. e4 e5 2. Nf3 Nc6 3. d4 exd4 4. Nxd4 Bc5 5. Be3 Bb6 6. Nc3 h6 7. Bc4 Nf6
8. Nxc6 bxc6 9. Bxb6 axb6 10. e5 Nh7 11. O-O O-O 12. f4 Qe7 13. Kh1 b5 14.
Bb3 Ba6 15. Re1 c5 16. Bd5 c6 17. Be4 Kh8 18. Qd6 Qxd6 19. exd6 Rfe8 20.
Bxh7 Kxh7 21. Ne4 c4 22. Nc5 Red8 23. g3 Kg8 24. Re7 Bc8 25. Rae1 Kf8 26.
a3 Ra7 27. Kg2 c3 28. bxc3 Rxa3 29. Nb3 Ra2 30. R7e2 Ra4 31. Ra1 Rxa1 32.
Nxa1 Bb7 33. Nb3 c5+ 34. Kh3 c4 35. Nd4 Bc6 36. Re5 Rb8 37. Nxc6 dxc6 38.
Rc5 Rc8 39. Kg4 g6 40. f5 Ke8 41. fxg6 fxg6 42. Kf4 Kd7 43. Re5 Rf8+ 44.
Ke3 Kxd6 45. Re4 c5 46. g4 Rf7 47. h4 Re7 48. Rxe7 Kxe7 49. Ke4 Ke6 50. Ke3
Ke5 51. Kf3 b4 52. Ke3 b3 53. cxb3 cxb3 54. Kd2 c4 55. g5 hxg5 56. hxg5 Kf5
57. Kc1 Kxg5 58. Kb2 Kf4 59. Kc1 g5 60. Kb2 g4 61. Kc1 g3 62. Kb2 g2 63.
Ka3 g1=Q 64. Kb4 b2 65. Kxc4 Qf1+ 66. Kd4 b1=Q 67. c4 Qbd3+ 68. Kc5 Qxc4+
69. Kb6 Qb1+ 70. Ka5 Qca2# { White checkmated } 0-1

[Event "ICC tourney 2394 (75 10)"]
[Site "Internet Chess Club"]
[Date "2021.02.20"]
[Round "3"]
[White "amka03"]
[Black "alexanderllanos"]
[Result "1/2-1/2"]
[ICCResult "White stalemated"]
[WhiteElo "1023"]
[BlackElo "1240"]
[Opening "Caro-Kann: exchange variation"]
[ECO "B13"]
[NIC "CK.02"]
[Time "18:01:35"]
[PlyCount "94"]
[TimeControl "4500+10"]

1. e4 c6 2. d4 d5 3. exd5 cxd5 4. Bd3 Nc6 5. Nf3 Bg4 6. c3 e6 7. O-O Bd6 8.
Nbd2 Nf6 9. Re1 O-O 10. Qc2 Rc8 11. a3 Bf4 12. b4 Bxd2 13. Qxd2 Bxf3 14.
gxf3 Ne7 15. Qb2 Qc7 16. Bd2 Nd7 17. Rac1 Qb8 18. Kh1 Ng6 19. Bb1 Rfe8 20.
Qc2 f5 21. Rg1 Nf4 22. Bxf4 Qxf4 23. Rg3 Nb6 24. Rcg1 g6 25. Ba2 Qxd4 26.
Qc1 Qg7 27. h4 Rxc3 28. Qg5 Kf7 29. h5 Rg8 30. Qd2 Nc4 31. Bxc4 Rxc4 32.
hxg6+ hxg6 33. Rxg6 Rh4+ 34. Kg2 Qxg6+ 35. Kf1 Qxg1+ 36. Ke2 Rh2 37. Ke3
Qxf2+ 38. Qxf2 Rxf2 39. Kxf2 e5 40. a4 d4 41. b5 Rc8 42. a5 d3 43. Ke3 e4
44. b6 a6 45. f4 Rc2 46. Kd4 d2 47. Ke3 d1=Q { White stalemated } 1/2-1/2

[Event "ICC tourney 2394 (75 10)"]
[Site "Internet Chess Club"]
[Date "2021.02.20"]
[Round "3"]
[White "SGOLD9367"]
[Black "dalvarezcates"]
[Result "0-1"]
[ICCResult "White resigns"]
[WhiteElo "1173"]
[BlackElo "1358"]
[Opening "QGD Slav: 4.Nc3"]
[ECO "D15"]
[NIC "SL.03"]
[Time "18:01:24"]
[PlyCount "104"]
[TimeControl "4500+10"]

1. d4 d5 2. c4 c6 3. Nf3 Nf6 4. Nc3 Bf5 5. e3 e6 6. Nh4 Be4 7. Nxe4 dxe4 8.
g3 Bd6 9. Ng2 Nbd7 10. c5 Bc7 11. Be2 Nd5 12. Bd2 O-O 13. O-O f5 14. Qb3 b5
15. Ne1 a5 16. a3 Qe7 17. Qc2 Rae8 18. Ng2 e5 19. Nh4 exd4 20. Bh5 g6 21.
Bxg6 hxg6 22. Nxg6 Qg7 23. Nxf8 Rxf8 24. b4 a4 25. exd4 Qxd4 26. Bh6 Rf6
27. Qd2 Qxd2 28. Bxd2 Ne5 29. Kg2 Nf3 30. Bc1 Re6 31. Ra2 Rg6 32. Rh1 Kf7
33. Kf1 Ke6 34. Bb2 Be5 35. Bxe5 Kxe5 36. h4 Kd4 37. Kg2 Nf4+ 38. Kf1 Nd3
39. Ke2 f4 40. h5 Rh6 41. g4 Nfe5 42. g5 Rxh5 43. Rxh5 Nc1+ 44. Kd2 Nxa2
45. Rh6 e3+ 46. fxe3+ fxe3+ 47. Kc2 e2 48. Rd6+ Ke4 49. Kd2 Nc3 50. Rf6
Nf3+ 51. Rxf3 Kxf3 52. Ke1 Ne4 { White resigns } 0-1

[Event "ICC tourney 2394 (75 10)"]
[Site "Internet Chess Club"]
[Date "2021.02.21"]
[Round "4"]
[White "sstao17"]
[Black "kstao17"]
[Result "1/2-1/2"]
[ICCResult "Game drawn by repetition"]
[WhiteElo "633"]
[BlackElo "721"]
[Opening "Scotch game"]
[ECO "C45"]
[NIC "SO.04"]
[Time "11:01:49"]
[PlyCount "103"]
[TimeControl "4500+10"]

1. e4 e5 2. Nf3 Nc6 3. d4 exd4 4. Nxd4 Nxd4 5. Qxd4 d6 6. Nc3 Nf6 7. Bd3 c5
8. Qe3 Be7 9. O-O O-O 10. Qg3 Be6 11. a3 Re8 12. Re1 d5 13. exd5 Nxd5 14.
Nxd5 Bxd5 15. Qg4 Be6 16. Bf5 Bxf5 17. Qxf5 Bf6 18. Rf1 b6 19. c3 Re6 20.
Qc2 Qd7 21. Be3 Qe7 22. Rad1 Rd8 23. Rxd8+ Qxd8 24. Rd1 Rd6 25. Rxd6 Qxd6
26. Qd2 Qxd2 27. Bxd2 a6 28. g3 c4 29. f3 b5 30. g4 Be7 31. h3 g6 32. Kf2
Bc5+ 33. Kg3 Bd6+ 34. Kf2 Bc5+ 35. Kg3 Bd6+ 36. Kh4 Be7+ 37. Kg3 Bd6+ 38.
Bf4 Bxf4+ 39. Kxf4 f6 40. Ke4 Kf7 41. Kd5 Ke7 42. f4 Kd7 43. h4 h6 44. g5
fxg5 45. fxg5 h5 46. Ke5 Ke7 47. Kd5 Kd7 48. Ke5 Ke7 49. Kd5 Kd7 50. Kc5
Kc7 51. Kd5 Kd7 52. Ke5 { Game drawn by repetition } 1/2-1/2

[Event "ICC tourney 2394 (75 10)"]
[Site "Internet Chess Club"]
[Date "2021.02.21"]
[Round "4"]
[White "ChessMaster346"]
[Black "nikhilramkumar"]
[Result "1/2-1/2"]
[ICCResult "Game drawn by repetition"]
[WhiteElo "1016"]
[BlackElo "583"]
[Opening "QGD Slav: 4.Nc3"]
[ECO "D15"]
[NIC "SL.03"]
[Time "11:02:16"]
[PlyCount "94"]
[TimeControl "4500+10"]

1. d4 d5 2. c4 c6 3. Nc3 Nf6 4. Nf3 Bf5 5. e3 e6 6. Bd3 Bxd3 7. Qxd3 Bd6 8.
O-O O-O 9. Re1 Re8 10. e4 dxe4 11. Nxe4 Nxe4 12. Qxe4 Nd7 13. Ng5 Nf6 14.
Qf3 h6 15. Ne4 Nxe4 16. Qxe4 Qf6 17. c5 Bc7 18. g3 e5 19. d5 cxd5 20. Qxd5
b6 21. Be3 bxc5 22. Bxc5 Rac8 23. Rac1 Bd8 24. Bxa7 Rxc1 25. Rxc1 Qa6 26.
Bc5 Bg5 27. Re1 Qa4 28. Kg2 e4 29. Bd4 Qc2 30. Qd7 Rd8 31. Qa7 Bd2 32. Rf1
Qd3 33. Bc3 Qf3+ 34. Kg1 Bxc3 35. bxc3 Rd1 36. Rxd1 Qxd1+ 37. Kg2 Qf3+ 38.
Kg1 Qd1+ 39. Kg2 Qf3+ 40. Kh3 Qh5+ 41. Kg2 Qf3+ 42. Kf1 Qd1+ 43. Kg2 Qf3+
44. Kg1 Qd1+ 45. Kg2 Qf3+ 46. Kh3 Qh5+ 47. Kg2 Qf3+ { Game drawn by
repetition } 1/2-1/2

[Event "ICC tourney 2394 (75 10)"]
[Site "Internet Chess Club"]
[Date "2021.02.21"]
[Round "4"]
[White "ggmurthy"]
[Black "gmstuartscott"]
[Result "1-0"]
[ICCResult "Black checkmated"]
[WhiteElo "564"]
[BlackElo "981"]
[Opening "Giuoco Piano: four knights variation"]
[ECO "C50"]
[NIC "IG.02"]
[Time "11:02:05"]
[PlyCount "37"]
[TimeControl "4500+10"]

1. e4 e5 2. Nf3 Nc6 3. Bc4 Bc5 4. Nc3 Nf6 5. Ng5 O-O 6. O-O d6 7. d3 a6 8.
Bb3 b5 9. Re1 Bd4 10. Nd5 Ng4 11. Re2 Nxf2 12. Rxf2 Bxf2+ 13. Kxf2 Nd4 14.
Qh5 h6 15. Nf3 Nxf3 16. gxf3 f5 17. Ne7+ Kh8 18. Bxh6 Qxe7 19. Bg5# { Black
checkmated } 1-0

[Event "ICC tourney 2394 (75 10)"]
[Site "Internet Chess Club"]
[Date "2021.02.21"]
[Round "4"]
[White "nguyencaptures"]
[Black "kitook"]
[Result "1-0"]
[ICCResult "Black checkmated"]
[WhiteElo "1050"]
[BlackElo "659"]
[Opening "Giuoco Piano: Möller (Therkatz) attack"]
[ECO "C54"]
[NIC "IG.02"]
[Time "11:02:04"]
[PlyCount "59"]
[TimeControl "4500+10"]

1. e4 e5 2. Nf3 Nc6 3. Bc4 Bc5 4. c3 Nf6 5. d4 exd4 6. cxd4 Bb4+ 7. Nc3
Nxe4 8. O-O Bxc3 9. d5 Bf6 10. Re1 Ne7 11. Rxe4 d6 12. Bg5 Bxg5 13. Nxg5 h6
14. Nf3 Bf5 15. Re3 a6 16. Qe2 b5 17. Bb3 c5 18. dxc6 Rc8 19. Re1 Rc7 20.
Nd4 Bg6 21. f4 Kf8 22. f5 Bh7 23. Qh5 Qe8 24. f6 Bg6 25. fxe7+ Kg8 26. Qxg6
h5 27. Bxf7+ Qxf7 28. e8=Q+ Qf8 29. Qxf8+ Kxf8 30. Re8# { Black checkmated
} 1-0

[Event "ICC tourney 2394 (75 10)"]
[Site "Internet Chess Club"]
[Date "2021.02.21"]
[Round "4"]
[White "drquinzel"]
[Black "VN10"]
[Result "0-1"]
[ICCResult "White checkmated"]
[WhiteElo "704"]
[BlackElo "1046"]
[Opening "Four knights: Spanish, classical defense"]
[ECO "C48"]
[NIC "KP.03"]
[Time "11:02:05"]
[PlyCount "90"]
[TimeControl "4500+10"]

1. e4 e5 2. Nf3 Nc6 3. Nc3 Nf6 4. Bb5 Bc5 5. O-O d6 6. d3 O-O 7. Bd2 Bg4 8.
Bxc6 bxc6 9. h3 Bxf3 10. Qxf3 h6 11. Be3 Bxe3 12. Qxe3 Rb8 13. b3 Re8 14.
Qxa7 d5 15. Qc5 d4 16. Na4 Qd6 17. Qc4 Nh5 18. c3 dxc3 19. Nxc3 Nf4 20.
Rad1 Qg6 21. g3 Nxh3+ 22. Kg2 Nf4+ 23. Kg1 h5 24. d4 h4 25. Ne2 Nxe2+ 26.
Qxe2 hxg3 27. f3 f5 28. Qg2 f4 29. d5 cxd5 30. Rxd5 c6 31. Rc5 Qd6 32. Rfc1
Re6 33. Qc2 Qd4+ 34. Kg2 Rh6 35. Rh1 Rxh1 36. Kxh1 Qe3 37. Rxe5 Qxf3+ 38.
Qg2 Qd1+ 39. Qg1 Qxg1+ 40. Kxg1 Ra8 41. a4 Rb8 42. a5 Rxb3 43. Re8+ Kf7 44.
Rh8 f3 45. Rh2 Rb1# { White checkmated } 0-1

[Event "ICC tourney 2394 (75 10)"]
[Site "Internet Chess Club"]
[Date "2021.02.21"]
[Round "4"]
[White "bshesh131"]
[Black "solid7"]
[Result "1-0"]
[ICCResult "Black resigns"]
[WhiteElo "1033"]
[BlackElo "1274"]
[Opening "English: Sicilian reversed"]
[ECO "A25"]
[NIC "EO.20"]
[Time "11:01:58"]
[PlyCount "63"]
[TimeControl "4500+10"]

1. c4 e5 2. Nc3 Nc6 3. g3 Nf6 4. Bg2 g6 5. e3 Bg7 6. d4 d6 7. Nf3 O-O 8.
dxe5 dxe5 9. O-O Nd7 10. Nd5 e4 11. Nd4 Nxd4 12. exd4 c6 13. Nc3 f5 14. Be3
Nb6 15. b3 c5 16. Qd2 Qf6 17. Rad1 h5 18. Nb5 a6 19. Nc7 Rb8 20. dxc5 Nd7
21. Qd5+ Kh7 22. Ne6 Re8 23. Ng5+ Kh8 24. Nf7+ Kh7 25. Bd4 Qc6 26. Ng5+ Kh8
27. Bxg7+ Kxg7 28. Qf7+ Kh6 29. Qh7+ Kxg5 30. Qg7 Nxc5 31. h4+ Kg4 32. Qh6
{ Black resigns } 1-0

[Event "ICC tourney 2394 (75 10)"]
[Site "Internet Chess Club"]
[Date "2021.02.21"]
[Round "4"]
[White "srikarl99"]
[Black "thanhcaptures"]
[Result "0-1"]
[ICCResult "White checkmated"]
[WhiteElo "749"]
[BlackElo "1130"]
[Opening "Ruy Lopez: Caro variation"]
[ECO "C70"]
[NIC "RL.09"]
[Time "11:02:17"]
[PlyCount "74"]
[TimeControl "4500+10"]

1. e4 e5 2. Nf3 Nc6 3. Bb5 a6 4. Ba4 b5 5. Bb3 Nf6 6. d3 Bc5 7. O-O O-O 8.
Bg5 d6 9. h3 a5 10. a4 b4 11. c3 Bb7 12. Nbd2 h6 13. Bh4 Rb8 14. Nc4 Ba6
15. Ne3 Qe7 16. Nd5 Qd8 17. Nxf6+ gxf6 18. Bc2 Kh7 19. Re1 Rg8 20. d4 Bb6
21. dxe5 dxe5 22. Qxd8 Rbxd8 23. Bxf6 Rde8 24. Bh4 Rg6 25. Bg3 Rxg3 26.
cxb4 Nxb4 27. Bb3 Rf8 28. Nxe5 Rxb3 29. Nf3 Nc2 30. Rab1 Nxe1 31. Nxe1 Rg8
32. Nf3 Rxf3 33. b4 Rxf2 34. b5 Rgxg2+ 35. Kh1 Rh2+ 36. Kg1 Rb2+ 37. Kf1
Rxb1# { White checkmated } 0-1

[Event "ICC tourney 2394 (75 10)"]
[Site "Internet Chess Club"]
[Date "2021.02.21"]
[Round "4"]
[White "vsmurthy"]
[Black "oecooke"]
[Result "0-1"]
[ICCResult "White resigns"]
[WhiteElo "204"]
[BlackElo "1022"]
[Opening "Sicilian defense"]
[ECO "B30"]
[NIC "SI.31"]
[Time "11:01:52"]
[PlyCount "54"]
[TimeControl "4500+10"]

1. e4 c5 2. Nf3 Nc6 3. Bc4 g6 4. Ng5 e6 5. O-O Qxg5 6. d4 Qd8 7. dxc5 Bg7
8. Re1 Nge7 9. Re3 Qc7 10. Nc3 Nd4 11. Rb1 Qxc5 12. b3 O-O 13. Rh3 d5 14.
Bd3 Qxc3 15. Rb2 Bd7 16. g3 Nf3+ 17. Qxf3 Qe1+ 18. Bf1 Qxc1 19. g4 Qxb2 20.
Qg3 g5 21. exd5 exd5 22. Qd6 Bxg4 23. Rg3 Nf5 24. Rd3 Nxd6 25. Rxd5 Ne4 26.
Bg2 Qc1+ 27. Bf1 Bh3 { White resigns } 0-1

[Event "ICC tourney 2394 (75 10)"]
[Site "Internet Chess Club"]
[Date "2021.02.21"]
[Round "4"]
[White "BlackBeltJ"]
[Black "Yeetamus123"]
[Result "0-1"]
[ICCResult "White checkmated"]
[WhiteElo "1180"]
[BlackElo "1320"]
[Opening "Sicilian: Smith-Morra gambit"]
[ECO "B21"]
[NIC "SI.48"]
[Time "11:01:59"]
[PlyCount "82"]
[TimeControl "4500+10"]

1. e4 c5 2. d4 cxd4 3. c3 d3 4. Bxd3 Nc6 5. Nf3 g6 6. Bf4 Bg7 7. Nbd2 d6 8.
Bg3 Nf6 9. Qe2 O-O 10. O-O Nh5 11. Bc4 Nxg3 12. fxg3 Qb6+ 13. Kh1 Qxb2 14.
Rfc1 Bxc3 15. Rab1 Qa3 16. Rb3 Qxc1+ 17. Ng1 Qxd2 18. Qxd2 Bxd2 19. Rb2 Bh6
20. Rb1 Be6 21. Bf1 Rac8 22. a3 Nd4 23. h3 Rc1 24. Rxc1 Bxc1 25. Kh2 Be3
26. Ne2 Nxe2 27. Bxe2 Rc8 28. Bf3 Rc3 29. a4 Ra3 30. e5 dxe5 31. Bxb7 Rxa4
32. Bc6 Rb4 33. Bf3 a5 34. Bc6 a4 35. Bxa4 Rxa4 36. Kh1 e4 37. h4 Bd4 38.
h5 e3 39. Kh2 e2 40. g4 e1=Q 41. hxg6 Qh4# { White checkmated } 0-1

[Event "ICC tourney 2394 (75 10)"]
[Site "Internet Chess Club"]
[Date "2021.02.21"]
[Round "4"]
[White "Ldon22"]
[Black "arjunsaravanan"]
[Result "1/2-1/2"]
[ICCResult "Game drawn because neither player has mating material"]
[WhiteElo "988"]
[BlackElo "1188"]
[Opening "Caro-Kann: advance variation"]
[ECO "B12"]
[NIC "CK.04"]
[Time "11:01:56"]
[PlyCount "105"]
[TimeControl "4500+10"]

1. e4 c6 2. d4 d5 3. e5 Bf5 4. Nf3 e6 5. Bd3 Bg6 6. Bxg6 hxg6 7. Bg5 Be7 8.
Qd2 Nd7 9. Bxe7 Qxe7 10. Qa5 Nb6 11. Nbd2 Qc7 12. Nb3 Rc8 13. O-O-O Nh6 14.
h3 Nf5 15. Nc5 Ke7 16. g4 Nh6 17. a3 Nc4 18. Qxa7 Ra8 19. Qxb7 Qxb7 20.
Nxb7 Rab8 21. Nc5 Rxb2 22. Rd3 Ra2 23. Kb1 Rxa3 24. Rxa3 Nxa3+ 25. Kb2 Nc4+
26. Kc3 Nxg4 27. Ra1 Rxh3 28. Ra7+ Kd8 29. Rxf7 Ngxe5 30. dxe5 Nxe5 31.
Nxe6+ Ke8 32. Rxg7 Rxf3+ 33. Kd4 Nf7 34. Rxg6 Rxf2 35. c4 dxc4 36. Nc5 Rc2
37. Rxc6 c3 38. Na4 Rh2 39. Kxc3 Rh1 40. Kd2 Rh2+ 41. Ke1 Ng5 42. Rc5 Rh1+
43. Ke2 Rh2+ 44. Kf1 Nh3 45. Rf5 Ra2 46. Nc3 Rc2 47. Nd5 Rc1+ 48. Kg2 Ng1
49. Rf2 Re1 50. Nf6+ Kd8 51. Nh5 Re2 52. Kxg1 Rxf2 53. Kxf2 { Game drawn
because neither player has mating material } 1/2-1/2

[Event "ICC tourney 2394 (75 10)"]
[Site "Internet Chess Club"]
[Date "2021.02.21"]
[Round "4"]
[White "Maximusiv"]
[Black "MeLikeGame"]
[Result "0-1"]
[ICCResult "White resigns"]
[WhiteElo "932"]
[BlackElo "1341"]
[Opening "two knights: Max Lange attack"]
[ECO "C55"]
[NIC "KP.02"]
[Time "11:01:50"]
[PlyCount "72"]
[TimeControl "4500+10"]

1. e4 e5 2. Nf3 Nc6 3. Bc4 Nf6 4. d4 exd4 5. O-O Bc5 6. e5 d5 7. exf6 dxc4
8. fxg7 Rg8 9. Re1+ Be6 10. Ng5 Qd7 11. Nxh7 Be7 12. Bh6 O-O-O 13. Nf8 Qd6
14. Nxe6 fxe6 15. Na3 Na5 16. Nb5 Qd7 17. a4 a6 18. Na3 Bf6 19. Qg4 Rde8
20. Rad1 c5 21. c3 Bxg7 22. Bxg7 Rxg7 23. Qe4 e5 24. cxd4 cxd4 25. Rxd4
Qxa4 26. Nxc4 exd4 27. Qxe8+ Qxe8 28. Rxe8+ Kd7 29. Rb8 Re7 30. Kf1 Nxc4
31. Rxb7+ Kd6 32. Rb4 Kc5 33. Rb8 d3 34. Rc8+ Kd5 35. Rd8+ Nd6 36. Ra8 d2 {
White resigns } 0-1

[Event "ICC tourney 2394 (75 10)"]
[Site "Internet Chess Club"]
[Date "2021.02.21"]
[Round "4"]
[White "KasperH"]
[Black "grandmasted"]
[Result "1-0"]
[ICCResult "Black checkmated"]
[WhiteElo "1077"]
[BlackElo "827"]
[Opening "Sicilian"]
[ECO "B50"]
[NIC "SI.01"]
[Time "11:02:04"]
[PlyCount "135"]
[TimeControl "4500+10"]

1. e4 c5 2. Nf3 d6 3. Bc4 Nc6 4. c3 a6 5. a4 Nf6 6. d3 g6 7. Bg5 e5 8. h3
h6 9. Bxf6 Qxf6 10. Nbd2 Be6 11. O-O Bxc4 12. Nxc4 Bg7 13. Qb3 Rb8 14. Nb6
Qe7 15. Nd5 Qd7 16. Qc2 Ne7 17. Nxe7 Qxe7 18. Nd2 O-O 19. Nc4 b5 20. axb5
axb5 21. Ne3 Ra8 22. Nd5 Qb7 23. b3 Rxa1 24. Rxa1 Ra8 25. Qb2 Rxa1+ 26.
Qxa1 f5 27. Qa5 fxe4 28. dxe4 c4 29. b4 h5 30. Kf1 g5 31. Qd8+ Bf8 32.
Qxg5+ Bg7 33. Qxh5 Qa6 34. Qe8+ Kh7 35. Qh5+ Kg8 36. Qd1 Kf7 37. Ne3 Qc6
38. Qd5+ Qxd5 39. Nxd5 Ke6 40. Nc7+ Kd7 41. Nxb5 Kc6 42. Na3 d5 43. exd5+
Kxd5 44. Ke2 e4 45. Nb1 Ke5 46. g3 Kf5 47. f3 exf3+ 48. Kxf3 Ke6 49. Ke4
Kd7 50. g4 Kd6 51. h4 Kc6 52. h5 Kb6 53. g5 Kb5 54. h6 Bh8 55. g6 Ka4 56.
g7 Bxg7 57. hxg7 Kb3 58. g8=Q Ka4 59. Qa8+ Kb3 60. Nd2+ Kxc3 61. Nxc4 Kxc4
62. Qc6+ Kxb4 63. Kd4 Kb3 64. Qc4+ Kb2 65. Qc3+ Kb1 66. Qd2 Ka1 67. Kc3 Kb1
68. Qb2# { Black checkmated } 1-0

[Event "ICC tourney 2394 (75 10)"]
[Site "Internet Chess Club"]
[Date "2021.02.21"]
[Round "4"]
[White "sushanth777"]
[Black "salamenceg"]
[Result "1/2-1/2"]
[ICCResult "Game drawn by mutual agreement"]
[WhiteElo "822"]
[BlackElo "1069"]
[Opening "Ruy Lopez: Wormald (Alapin) attack"]
[ECO "C77"]
[NIC "RL.12"]
[Time "11:02:45"]
[PlyCount "86"]
[TimeControl "4500+10"]

1. e4 e5 2. Nf3 Nc6 3. Bb5 a6 4. Ba4 Nf6 5. Qe2 b5 6. Bb3 Bc5 7. c3 d6 8.
h3 O-O 9. O-O h6 10. Rd1 Qe7 11. d4 Bb6 12. Bc2 Bb7 13. d5 Nb8 14. Be3 Nbd7
15. Nbd2 Nc5 16. Nb3 Na4 17. Bxb6 Nxb6 18. Na5 Rab8 19. Nxb7 Rxb7 20. a4
Nbd7 21. axb5 axb5 22. Nd2 b4 23. Ba4 bxc3 24. bxc3 Nc5 25. Bc2 Rfb8 26.
Rdb1 Rxb1+ 27. Rxb1 Rxb1+ 28. Bxb1 Qd7 29. Qc4 Qa4 30. Qxa4 Nxa4 31. c4 Nc3
32. Bd3 g5 33. f3 Nd7 34. Nb3 Nc5 35. Nxc5 dxc5 36. Kf1 Kf8 37. Ke1 Ke7 38.
Kd2 Na4 39. Bc2 Nb6 40. Kc3 Kd7 41. Bd3 c6 42. Kb3 cxd5 43. exd5 Kd6 { Game
drawn by mutual agreement } 1/2-1/2

[Event "ICC tourney 2394 (75 10)"]
[Site "Internet Chess Club"]
[Date "2021.02.21"]
[Round "4"]
[White "Harshi28"]
[Black "DanielGuan"]
[Result "0-1"]
[ICCResult "White checkmated"]
[WhiteElo "420"]
[BlackElo "1286"]
[Opening "Sicilian: accelerated fianchetto, modern variation"]
[ECO "B34"]
[NIC "SI.33"]
[Time "11:01:54"]
[PlyCount "118"]
[TimeControl "4500+10"]

1. e4 c5 2. Nf3 Nc6 3. d4 cxd4 4. Nxd4 g6 5. Nc3 Bg7 6. Be3 d6 7. Bc4 Nf6
8. O-O O-O 9. Qd2 Ng4 10. Rad1 Nxe3 11. fxe3 Bg4 12. Rde1 Nxd4 13. exd4 Qb6
14. Ne2 Bxe2 15. Qxe2 Qxd4+ 16. Kh1 Rac8 17. b3 a6 18. a4 Qc5 19. Rd1 b5
20. axb5 axb5 21. Rd5 bxc4 22. Rxc5 Rxc5 23. bxc4 Rfc8 24. Qf3 f6 25. Qh3
Rxc4 26. Qb3 Kf8 27. Qe3 Rxc2 28. e5 dxe5 29. Qxe5 Rc1 30. Qe2 Rxf1+ 31.
Qxf1 Bh6 32. g3 Rc1 33. Qxc1 Bxc1 34. h4 Kg7 35. Kh2 e5 36. Kg2 g5 37. hxg5
fxg5 38. Kf2 Kf6 39. Ke1 Kf5 40. Kd1 Bb2 41. Kc2 Bd4 42. Kd3 Kg4 43. Ke4 h5
44. Kd3 Kxg3 45. Ke2 h4 46. Kd3 h3 47. Ke2 h2 48. Kd3 h1=Q 49. Kc2 Qf3 50.
Kd2 Bc3+ 51. Kc2 Qe2+ 52. Kxc3 e4 53. Kb3 Qd3+ 54. Kb2 Qc4 55. Ka3 e3 56.
Kb2 e2 57. Ka3 Qb5 58. Ka2 e1=Q 59. Ka3 Qa1# { White checkmated } 0-1

[Event "ICC tourney 2394 (75 10)"]
[Site "Internet Chess Club"]
[Date "2021.02.21"]
[Round "4"]
[White "auggie29"]
[Black "thihansa"]
[Result "1/2-1/2"]
[ICCResult "Game drawn by repetition"]
[WhiteElo "1306"]
[BlackElo "1268"]
[Opening "Queen's bishop game"]
[ECO "D00"]
[NIC "QP.08"]
[Time "11:01:53"]
[PlyCount "265"]
[TimeControl "4500+10"]

1. d4 d5 2. Bf4 Nf6 3. Nf3 e6 4. e3 Be7 5. Bd3 c5 6. c3 Nc6 7. Nbd2 b6 8.
Bb5 Bb7 9. Ne5 Qc8 10. Qa4 a6 11. Bxc6+ Bxc6 12. Qxc6+ Qxc6 13. Nxc6 Rc8
14. Nxe7 Kxe7 15. Bg5 h6 16. Bxf6+ Kxf6 17. O-O cxd4 18. exd4 Rhe8 19. Rfe1
a5 20. a4 Ke7 21. Rec1 Kf8 22. b4 Rc7 23. bxa5 bxa5 24. Rc2 Rb8 25. g3 Ke7
26. Rb1 Rxb1+ 27. Nxb1 Rc4 28. Ra2 Rc7 29. Nd2 Rxc3 30. Kg2 Rd3 31. Nf3 g5
32. Ne5 Rd1 33. Nc6+ Kd7 34. Nxa5 Rxd4 35. Nb3 Rc4 36. a5 Rc8 37. a6 Ra8
38. Kf3 h5 39. h4 gxh4 40. gxh4 e5 41. Ke3 f5 42. f4 d4+ 43. Kd3 exf4 44.
Nxd4 Kc7 45. Nxf5 Rf8 46. a7 Kb7 47. a8=Q+ Rxa8 48. Rxa8 Kxa8 49. Ke4 Kb7
50. Kxf4 Kc7 51. Kg5 Kd7 52. Kxh5 Ke8 53. Kh6 Kf8 54. Kh7 Kf7 55. h5 Kf6
56. h6 Kf7 57. Nd6+ Kf8 58. Kh8 Ke7 59. h7 Kf8 60. Ne8 Kf7 61. Nf6 Kf8 62.
Ng8 Kf7 63. Nh6+ Kf8 64. Nf5 Kf7 65. Ne3 Kf8 66. Nc2 Kf7 67. Nd4 Kf8 68.
Nf5 Kf7 69. Nd6+ Kf8 70. Ne8 Kf7 71. Nf6 Kf8 72. Ng4 Kf7 73. Ne5+ Kf8 74.
Nc6 Kf7 75. Ne7 Kf8 76. Nc6 Kf7 77. Ne5+ Kf8 78. Ng6+ Kf7 79. Ne7 Kf8 80.
Ng6+ Kf7 81. Ne5+ Kf8 82. Nd7+ Kf7 83. Nf6 Kf8 84. Ng8 Kf7 85. Nh6+ Kf8 86.
Nf5 Kf7 87. Ne7 Kf8 88. Nc8 Kf7 89. Na7 Kf8 90. Nb5 Kf7 91. Nc7 Kf8 92.
Ne6+ Kf7 93. Nd8+ Kf8 94. Nc6 Kf7 95. Ne7 Kf8 96. Ng6+ Kf7 97. Ne5+ Kf8 98.
Ng6+ Kf7 99. Ne5+ Kf8 100. Nd7+ Kf7 101. Ne5+ Kf8 102. Ng6+ Kf7 103. Ne5+
Kf8 104. Nc6 Kf7 105. Nd8+ Kf8 106. Ne6+ Kf7 107. Ng5+ Kf8 108. Ne4 Kf7
109. Nd6+ Kf8 110. Nf5 Kf7 111. Nh6+ Kf8 112. Ng8 Kf7 113. Nh6+ Kf8 114.
Nf5 Kf7 115. Ne7 Kf8 116. Ng6+ Kf7 117. Ne5+ Kf8 118. Ng6+ Kf7 119. Ne5+
Kf8 120. Ng6+ Kf7 121. Ne5+ Kf8 122. Ng6+ Kf7 123. Ne5+ Kf8 124. Ng6+ Kf7
125. Ne5+ Kf8 126. Ng6+ Kf7 127. Ne5+ Kf8 128. Ng6+ Kf7 129. Ne5+ Kf8 130.
Ng6+ Kf7 131. Ne5+ Kf8 132. Ng6+ Kf7 133. Ne5+ { Game drawn by repetition }
1/2-1/2

[Event "ICC tourney 2394 (75 10)"]
[Site "Internet Chess Club"]
[Date "2021.02.21"]
[Round "4"]
[White "SunnyDays0"]
[Black "GradyL"]
[Result "1-0"]
[ICCResult "Black checkmated"]
[WhiteElo "1220"]
[BlackElo "1046"]
[Opening "Queen's pawn, Mason variation"]
[ECO "D00"]
[NIC "QP.08"]
[Time "11:01:50"]
[PlyCount "105"]
[TimeControl "4500+10"]

1. d4 d5 2. Bf4 Nf6 3. e3 Bf5 4. Bd3 Be4 5. Nf3 h6 6. O-O e6 7. Nbd2 Nbd7
8. Bxe4 dxe4 9. Ne5 Bd6 10. Ndc4 Bxe5 11. Bxe5 O-O 12. a4 a5 13. c3 Nxe5
14. Nxe5 Nd7 15. Qc2 Nxe5 16. dxe5 Qd5 17. Rfd1 Qxe5 18. Rd7 Ra6 19. Rad1
Rb8 20. c4 Rd6 21. c5 Rxd1+ 22. Rxd1 b5 23. Rd4 bxa4 24. Qxa4 Qxc5 25. g3
Rb4 26. Rd8+ Kh7 27. Qe8 Qc1+ 28. Kg2 Qxb2 29. Qxf7 Rb5 30. Qg8+ Kg6 31.
Qxe6+ Qf6 32. Qxe4+ Rf5 33. g4 Kf7 34. Qxf5 Qxf5 35. gxf5 Kf6 36. Rc8 a4
37. Rxc7 a3 38. Ra7 a2 39. Rxa2 Kxf5 40. Ra7 g5 41. Kf3 g4+ 42. Kg3 h5 43.
Ra5+ Kg6 44. h4 Kh6 45. Ra6+ Kg7 46. Kf4 g3 47. fxg3 Kf8 48. Ra7 Kg8 49.
Kf5 Kf8 50. Ke6 Kg8 51. Kf6 Kh8 52. Kg6 Kg8 53. Ra8# { Black checkmated }
1-0

[Event "ICC tourney 2394 (75 10)"]
[Site "Internet Chess Club"]
[Date "2021.02.21"]
[Round "4"]
[White "icywhit"]
[Black "evelynhuang"]
[Result "1-0"]
[ICCResult "Black checkmated"]
[WhiteElo "1139"]
[BlackElo "772"]
[Opening "QGD: symmetrical (Austrian) defense"]
[ECO "D06"]
[NIC "QP.08"]
[Time "11:02:45"]
[PlyCount "115"]
[TimeControl "4500+10"]

1. d4 d5 2. c4 c5 3. e3 Nf6 4. Nc3 Bf5 5. Nf3 e6 6. Bd3 Bxd3 7. Qxd3 Nc6 8.
O-O Bd6 9. a3 O-O 10. Rd1 Re8 11. dxc5 Bxc5 12. cxd5 exd5 13. Nxd5 h6 14.
Nxf6+ Qxf6 15. Qb3 Bb6 16. Bd2 Rad8 17. Qc2 Ne5 18. Nxe5 Qxe5 19. Bc3 Qg5
20. Bd4 Bxd4 21. Rxd4 Rxd4 22. exd4 Qe7 23. h3 Rd8 24. Rd1 Qf6 25. d5 Qe5
26. Qd2 Qd6 27. a4 a6 28. b4 b6 29. Qd4 Rd7 30. Qc4 a5 31. b5 Rc7 32. Qe4
Rd7 33. g4 Re7 34. Qc4 Rc7 35. Qe4 Re7 36. Qf5 Re8 37. Rc1 Qd8 38. Rc6 Qb8
39. d6 Rd8 40. d7 Qb7 41. Rc8 Qb8 42. Rxb8 Rxb8 43. Qd5 Rd8 44. Qc6 Kf8 45.
Qd6+ Kg8 46. Qe7 Rb8 47. d8=Q+ Rxd8 48. Qxd8+ Kh7 49. Qxb6 g6 50. Qxa5 Kg7
51. b6 Kh7 52. b7 Kg7 53. b8=Q Kh7 54. Qad8 Kg7 55. Qg8+ Kf6 56. Qb5 Ke7
57. Qc6 g5 58. Qge8# { Black checkmated } 1-0